 Dungeon Crawl Stone Soup version 0.28.0-45-g0d030f2227 (webtiles) character file.

Game seed: 8062098702333155128

197 RascalDebosk the Skirmisher (level 5, -1/70 HPs)
             Began as a Minotaur Berserker on Apr 10, 2022.
             Was a Believer of Trog.
             Slain by an orc
             ... wielding a +0 whip of pain
              (2 damage)
             ... on level 4 of the Dungeon.
             The game lasted 00:16:24 (3229 turns).

RascalDebosk the Skirmisher (Minotaur Berserker)    Turns: 3229, Time: 00:16:25

Health: -1/70      AC:  0    Str: 24    XL:     5   Next: 46%
Magic:  4/4        EV:  8    Int:  4    God:    Trog [**....]
Gold:   293        SH:  0    Dex:  9    Spells: 4/4 levels left

rFire   . . .      SeeInvis .   t - +0 triple sword
rCold   . . .      Faith    .   (shield currently unavailable)
rNeg    . . .      Spirit   .   q - +0 chain mail
rPois   .          Reflect  .   (helmet restricted)
rElec   .          Harm     .   (no cloak)
rCorr   .          Rampage  .   (no gloves)
Will    .....                   d - +1 pair of boots
Stlth   ..........              (no amulet)
HPRegen 0.21/turn               (no ring)
MPRegen 0.09/turn               (no ring)

@: berserking, corroded, very quick
A: horns 2, retaliatory headbutt
a: Renounce Religion, Berserk, Trog's Hand


You were on level 4 of the Dungeon.
You worshipped Trog.
Trog was pleased with you.
You visited 1 branch of the dungeon, and saw 4 of its levels.

You collected 293 gold pieces.

Inventory:

Hand Weapons
 a - a +0 hand axe
 t - a +0 triple sword (weapon)
Missiles
 p - 3 poisoned darts (quivered)
Armour
 d - a +1 pair of boots (worn)
 j - a +0 ring mail
 o - a +0 ring mail of cold resistance
 q - a +0 chain mail (worn)
Scrolls
 h - 2 scrolls of torment
 m - 2 scrolls of blinking
Potions
 b - a potion of haste
 f - a potion of invisibility {unknown}
 i - a potion of might {unknown}
 k - a potion of attraction {unknown}
 l - a potion of curing {unknown}
 s - 2 potions of brilliance {unknown}


   Skills:
 + Level 4.7 Fighting
 + Level 0.1 Long Blades
 + Level 4.6 Axes
 + Level 2.0 Throwing
 + Level 3.8 Armour
 - Level 2.3 Dodging
 + Level 1.7 Evocations


You had 4 spell levels left.
You didn't know any spells.
Your spell library was empty.

Dungeon Overview and Level Annotations

Branches:
Dungeon (4/15)
 Temple: D:4-7

Altars:
Fedhas
Kikubaaqudgha
Trog


Innate Abilities, Weirdness & Mutations

You have a pair of horns on your head.
You reflexively headbutt those who attack you in melee.


Message History

A gnoll shaman comes into view.
It is wielding a +0 whip and wearing a +0 chain mail of fire resistance.
The adder skeleton bites you but does no damage.
The gnoll shaman shouts!
You hit the jelly but do no damage. The acid corrodes you!
Your hands burn!
You headbutt the jelly, but do no damage.
The jelly hits you but does no damage.
The adder skeleton bites you but does no damage.
The adder skeleton closely misses you. The jelly completely misses you.
You hit the jelly.
Your hands burn!
The jelly is lightly wounded.
The adder skeleton bites you but does no damage.
The jelly hits you but does no damage.
A phantom comes into view.
The jelly closely misses you.
You hit the jelly.
Your hands burn!
You headbutt the jelly!
The jelly is almost dead.
The orc barely misses you. You furiously retaliate!
You headbutt the orc, but do no damage. The jelly hits you.
The acid corrodes you!
You are splashed with acid!
* * * LOW HITPOINT WARNING * * *
A dart slug comes into view.
The orc hits you with a +0 whip of pain.
* * * LOW HITPOINT WARNING * * *
The jelly hits you but does no damage.
A red film seems to cover your vision as you go berserk!
You feel yourself moving faster!
You feel mighty!
The orc hits you with a +0 whip of pain.
* * * LOW HITPOINT WARNING * * *
You writhe in agony.
* * * LOW HITPOINT WARNING * * *
The jelly hits you.
* * * LOW HITPOINT WARNING * * *
The acid corrodes you!
You are splashed with acid!
* * * LOW HITPOINT WARNING * * *
You slice the jelly!!
You kill the jelly!
Trog accepts your kill.
An orc wizard comes into view. It is wielding a +0 dagger.
The orc hits you with a +0 whip of pain.
You die...

#. #.# #.# #..
##.## #.###
##..##...###...#
.
#......_.......#
..
#..###...##...##
... #..#
##.###...##..#
#..# #.###..#...#
#.####.........##
###
##..........@..##
..#
#..#....####go..#
..###..##..##
.Z##..#
...#...##### #W##
### .......## ≈.
........# ...
.###..### ..w ##
#.## ...o #.#


You could see a phantom, a gnoll shaman, an orc wizard (wandering), a dart slug,
an orc and an adder skeleton.

Vanquished Creatures
  A jelly (D:4)
  Natasha (twice) (D:2)
  An orc wizard (D:3)
  6 adders
  2 worms (D:2)
  A dart slug (D:2)
  8 orcs
  3 ball pythons
  5 bats
  6 endoplasms
  4 giant cockroaches
  7 goblins
  A quokka (D:3)
  A frilled lizard (D:2)
  8 kobolds
  3 rats
59 creatures vanquished.

Vanquished Creatures (others)
  3 toadstools (D:1)
3 creatures vanquished.

Grand Total: 62 creatures vanquished

Notes
Turn   | Place    | Note
-------+----------+-------------------------------------------
     0 | D:1      | RascalDebosk the Minotaur Berserker began the quest for the
                  | Orb.
     0 | D:1      | Reached XP level 1. HP: 19/19 MP: 0/0
   414 | D:1      | Reached XP level 2. HP: 27/27 MP: 1/1
   593 | D:1      | Found a faded altar of an unknown god.
   883 | D:2      | Noticed Natasha
   888 | D:2      | Killed Natasha
   889 | D:2      | Reached XP level 3. HP: 33/33 MP: 2/2
   957 | D:2      | Reached skill level 1 in Throwing
   992 | D:2      | Reached skill level 1 in Evocations
  1156 | D:2      | Found an ancient bone altar of Kikubaaqudgha.
  1159 | D:2      | Noticed Natasha
  1165 | D:2      | Reached XP level 4. HP: 40/40 MP: 3/3
  1165 | D:2      | Killed Natasha
  2181 | D:3      | Reached XP level 5. HP: 47/47 MP: 4/4
  2536 | D:3      | Reached ** piety under Trog
  3118 | D:4      | Found a bloodstained altar of Trog.
  3204 | D:4      | Found a blossoming altar of Fedhas.
  3226 | D:4      | Noticed a phantom
  3228 | D:4      | HP: 1/70 [acid (10)]
  3229 | D:4      | Slain by an orc

Illustrated notes

Levels and vault maps discovered:
D:1:      elethiomel_arrival_quiet, layout_loops_ring,
          dilly_ecumenical_altar_fadedgnrine, minmay_gold_behind_fungi,
          chequers_serial_rivers_micro_b
D:2:      layout_basic, basic_altar, corexii_shack, minmay_heptomino_h4,
          uniq_natasha
D:3:      layout_basic
D:4:      layout_layer_cave, nicolae_overflow_crystal_walls,
          mainiacjoe_overflow_two_lobes, kennysheep_generic_room_2,
          uniq_eustachio

Skill      XL: |  1  2  3  4  5 |
---------------+----------------+-----
Fighting       | 4 |  4.7
Axes           | 4 |  4.6
Armour         | 3 |  3.8
Throwing       | 1 2 |  2.0
Evocations     | 1 |  1.7
Long Blades    | |  0.1
Dodging        | |  2.3

Action                   |  1- 3 |  4- 6 || total
-------------------------+-------+-------++-------
Melee: Hand axe          |    37 |    71 ||   108
       Punch             |     1 |       ||     1
       Headbutt          |     3 |    11 ||    14
       Triple sword      |       |    14 ||    14
Invok: Berserk           |     3 |     1 ||     4
  Use: Scroll            |       |     7 ||     7
Armor: Animal skin       |     3 |       ||     3
       Ring mail         |     7 |    21 ||    28
       Chain mail        |       |    34 ||    34
Dodge: Dodged            |    23 |    49 ||    72
